 Dungeon Crawl Stone Soup version 0.30-a0-135-g630cfc4551 (webtiles) character file.

Game seed: 7492430180138856876

302 Iusername the Chopper (level 6, -8/56 HPs)
             Began as a Hill Orc Fighter on Sept 20, 2022.
             Mangled by Crazy Yiuf
             ... wielding a +4 quarterstaff of chaos
              (11 damage)
             ... on level 2 of the Dungeon.
             The game lasted 00:03:11 (1156 turns).

Iusername the Chopper (Hill Orc Fighter)            Turns: 1156, Time: 00:03:11

Health: -8/56      AC:  9    Str: 21    XL:     6   Next: 37%
Magic:  6/6        EV:  9    Int:  8    God:
Gold:   51         SH:  9    Dex: 10    Spells: 5/5 levels left

rFire   . . .      SeeInvis .    a - +0 war axe
rCold   . . .      Faith    .    c - +0 buckler
rNeg    . . .      Spirit   .    b - +0 scale mail
rPois   .          Reflect  +    h - +0 helmet
rElec   .          Harm     .    g - +0 cloak
rCorr   .          Rampage  .    (no gloves)
Will    .....                    (no boots)
Stlth   ..........               l - amulet of reflection
HPRegen 0.18/turn                (no ring)
MPRegen 0.10/turn                (no ring)

@: lethally poisoned (-8 -> -11)
A: no striking features
a: no special abilities


You were on level 2 of the Dungeon.
You visited 1 branch of the dungeon, and saw 2 of its levels.

You collected 51 gold pieces.

Inventory:

Hand Weapons
 a - a +0 war axe (weapon)
Missiles
 q - 6 boomerangs (quivered)
Armour
 b - a +0 scale mail (worn)
 c - a +0 buckler (worn)
 g - a +0 cloak (worn)
 h - a +0 helmet (worn)
Jewellery
 d - a ring of wizardry
 l - an amulet of reflection (around neck)
Scrolls
 i - a scroll of blinking {unknown}
 j - 3 scrolls of teleportation {unknown}
 k - a scroll of fear {unknown}
 m - a scroll of vulnerability {unknown}
 n - a scroll of identify {unknown}
Potions
 e - 2 potions of curing {unknown}
 f - a potion of degeneration {unknown}
 o - a potion of magic {unknown}
 p - a potion of berserk rage {unknown}


   Skills:
 + Level 5.0 Fighting
 + Level 6.5 Axes
 + Level 4.0 Armour
 + Level 0.3 Dodging
 + Level 4.0 Shields


You had 5 spell levels left.
You didn't know any spells.
Your spell library was empty.

Dungeon Overview and Level Annotations

Branches:
Dungeon (2/15)

Altars:
Gozag

Annotations:
D:2 Crazy Yiuf


Message History

Crazy Yiuf sings, "Trees, trees, trees, circus!"
Natasha casts a spell.
You slash Natasha!
You kill Natasha!
Natasha yowls pathetically as she dies!
The white imp disappears in a puff of smoke!
You block Crazy Yiuf's attack.
Your Fighting skill increases to level 5!
You hit Crazy Yiuf but do no damage. You block Crazy Yiuf's attack.
Crazy Yiuf barely misses you.
You hit Crazy Yiuf but do no damage. Crazy Yiuf barely misses you.
Crazy Yiuf hits you with a +4 quarterstaff of chaos!
You are poisoned.
You hit Crazy Yiuf.
Crazy Yiuf is moderately wounded.
You feel extremely sick. You block Crazy Yiuf's attack. x2
You closely miss Crazy Yiuf.
Crazy Yiuf is moderately wounded.
You feel very sick. You block Crazy Yiuf's attack.
You closely miss Crazy Yiuf.
Crazy Yiuf is moderately wounded.
You feel very sick. Crazy Yiuf barely misses you.
Crazy Yiuf hits you with a +4 quarterstaff of chaos!
* * * LOW HITPOINT WARNING * * *
Crazy Yiuf freezes you.
* * * LOW HITPOINT WARNING * * *
You barely miss Crazy Yiuf.
Crazy Yiuf is moderately wounded.
You feel yourself speed up.
You feel sick.
Crazy Yiuf hits you with a +4 quarterstaff of chaos.
* * * LOW HITPOINT WARNING * * *
Crazy Yiuf freezes you.
* * * LOW HITPOINT WARNING * * *
Crazy Yiuf waves his quarterstaff at you.
Crazy Yiuf hits you with a +4 quarterstaff of chaos!
You die...

########..###....#
..........# ##..##
..........# ♣....♣
#######..## ♣...♣♣
##.....).### ♣♣)♣♣
#...###....# ♣)♣♣
)..####....# ♣♣.♣
#..#.......# ♣.♣♣
#.#..####.## ♣♣@♣
..#.## .# #g#
###.# ##.# ... #
#.# #..# #...#
##..# ##.# #..)#
...## #.<# #####
#### #.## ##)#####
# #...##.#


You could see Crazy Yiuf.

Vanquished Creatures
  Sigmund (D:2)
  Terence (D:2)
  Natasha (twice) (D:2)
  An adder (D:2)
  3 dart slugs
  4 orcs (D:2)
  4 bats
  3 endoplasms (D:1)
  2 giant cockroaches
  6 goblins
  2 hobgoblins (D:1)
  4 jackals (D:1)
  2 quokkas (D:1)
  2 ball pythons
  A frilled lizard (D:2)
  5 kobolds
  3 rats
46 creatures vanquished.

Notes
Turn   | Place    | Note
-------+----------+-------------------------------------------
     0 | D:1      | Iusername the Hill Orc Fighter began the quest for the Orb.
     0 | D:1      | Reached XP level 1. HP: 19/19 MP: 1/1
   188 | D:1      | Reached XP level 2. HP: 27/27 MP: 2/2
   258 | D:1      | Reached skill level 3 in Axes
   471 | D:1      | Reached XP level 3. HP: 32/33 MP: 3/3
   912 | D:2      | Noticed Sigmund
   922 | D:2      | Killed Sigmund
   923 | D:2      | Reached skill level 5 in Axes
   923 | D:2      | Reached XP level 4. HP: 36/41 MP: 4/4
   923 | D:2      | Reached XP level 5. HP: 42/47 MP: 5/5
   924 | D:2      | Reached skill level 6 in Axes
   970 | D:2      | Noticed Terence
   977 | D:2      | Killed Terence
   978 | D:2      | Reached XP level 6. HP: 43/53 MP: 6/6
  1039 | D:2      | Found an opulent altar of Gozag.
  1039 | D:2      | Noticed Natasha
  1049 | D:2      | Killed Natasha
  1142 | D:2      | Found a runed translucent door.
  1143 | D:2      | Noticed Crazy Yiuf
  1145 | D:2      | Noticed Natasha
  1150 | D:2      | Killed Natasha
  1151 | D:2      | Reached skill level 5 in Fighting
  1156 | D:2      | Mangled by Crazy Yiuf

Illustrated notes

Levels and vault maps discovered:
D:1:      dpeg_arrival_three_same_balls, layout_loops_cross
D:2:      layout_rooms, hellmonk_ecumenical_altar_leap_of_faith, basic_altar,
          uniq_sigmund, uniq_terence, uniq_crazy_yiuf_cottage, uniq_natasha

Skill      XL: |  1  2  3  4  5  6 |
---------------+-------------------+-----
Axes           | 3 5 6 |  6.5
Fighting       | 4 5 |  5.0
Armour         | 4 |  4.0
Shields        | 4 |  4.0
Dodging        | |  0.3

Action                   |  1- 3 |  4- 6 || total
-------------------------+-------+-------++-------
Melee: War axe           |    83 |    24 ||   107
  Use: Potion            |     1 |       ||     1
Armor: Scale mail        |    34 |     4 ||    38
Dodge: Dodged            |    54 |    11 ||    65
Block: Buckler           |    17 |     9 ||    26

Table legend: (Time is in decaauts)
 A = Elapsed time spent in this place.
 B = Non-inter-level travel time spent in this place.
 C = Inter-level travel time spent in this place.
 D = Time resting spent in this place.
 E = Time spent auto-exploring this place.
 F = Levels seen in this place.
 G = Mean time per level.
                   A        B        C        D        E       F      G
               +--------+--------+--------+--------+--------+-----+--------+
         Total |   1215 |   1196 |     19 |      0 |    804 |   2 |  607.5 |
       Dungeon |   1215 |   1196 |     19 |      0 |    804 |   2 |  607.5 |
               +--------+--------+--------+--------+--------+-----+--------+

Top non-repeatable levels by time:
     D:1: 808 daAuts
     D:2: 407 daAuts
